 Dungeon Crawl Stone Soup version 0.29-a0-322-g68df515428 (webtiles) character file.

Game seed: 4771827884266277681

1576 zishaf the Grappler (level 8, -3/83 HPs)
             Began as a Troll Chaos Knight on Apr 5, 2022.
             Was a Plaything of Xom.
             Slain by a water moccasin (8 damage)
             ... on level 6 of the Dungeon.
             The game lasted 00:07:55 (4346 turns).

zishaf the Grappler (Troll Chaos Knight)            Turns: 4346, Time: 00:07:55

Health: -3/83      AC:  7    Str: 23    XL:     8   Next: 60%
Magic:  7/7        EV: 10    Int:  8    God:    Xom [..*...]
Gold:   482        SH:  0    Dex: 15    Spells: 7/7 levels left

rFire   . . .      SeeInvis .     - Unarmed
rCold   . . .      Faith    .   (no shield)
rNeg    . . .      Spirit   .   m - +2 robe
rPois   .          Reflect  .   (helmet restricted)
rElec   .          Harm     .   i - +0 cloak
rCorr   .          Rampage  .   (gloves unavailable)
Will    .....                   (boots unavailable)
Stlth   +.........              (no amulet)
HPRegen 1.03/turn               l - +6 ring of dexterity
MPRegen 0.10/turn               (no ring)

@: lethally poisoned (-3 -> -3)
A: large, unfitting armour, claws 3, regeneration 1, shaggy fur 1, tough skin 1
a: Renounce Religion


You were on level 6 of the Dungeon.
You worshipped Xom.
You were a toy of Xom.
You visited 1 branch of the dungeon, and saw 6 of its levels.

You collected 482 gold pieces.

Inventory:

Hand Weapons
 a - a +1 hunting sling
 t - the +6 dagger of Famine {vorpal, rElec Int+5}
   (You found it on level 4 of the Dungeon)

   It inflicts extra damage upon your enemies.
   Int:       It affects your intelligence (+5).
   rElec:     It insulates you from electricity.
Missiles
 j - 6 curare-tipped darts
Armour
 i - a +0 cloak (worn)
 m - a +2 robe (worn)
Jewellery
 l - a +6 ring of dexterity (left claw)
 v - a ring of fire
Wands
 f - a wand of digging (8)
 A - a wand of iceblast (8)
Scrolls
 c - a scroll of amnesia
 g - a scroll of vulnerability
 k - 3 scrolls of identify
 o - a scroll of fear
 u - a scroll of teleportation
 w - a scroll of summoning
Potions
 d - a potion of magic
 e - a potion of curing {unknown}
 h - a potion of brilliance
 n - 2 potions of degeneration {unknown}
 p - a potion of flight {unknown}
 r - 2 potions of cancellation {unknown}
 s - 2 potions of attraction {unknown}
 x - 3 potions of might {unknown}
 B - a potion of mutation {unknown}
Miscellaneous
 b - a piece from Xom's chessboard (15/15) (quivered)


   Skills:
 + Level 5.7 Fighting
 - Level 2.0 Dodging
 * Level 9.4 Unarmed Combat


You had 7 spell levels left.
You didn't know any spells.
Your spell library contained the following spells:

 Spells                   Type           Power      Damage    Failure   Level
 Magic Dart               Conj           0%         1d3       41%         1
 Sandblast                Erth           0%         2d4       41%         1
 Passwall                 Tmut/Erth      0%         N/A       54%         2
 Searing Ray              Conj           0%         2d4       54%         2
 Stone Arrow              Conj/Erth      0%         3d7       78%         3
 Tukima's Dance           Hex            0%         N/A       78%         3
 Anguish                  Hex/Necr       0%         N/A       99%         4
 Fulminant Prism          Conj/Hex       0%         3d6       99%         4
 Enfeeble                 Hex            0%         N/A       100%        7


Dungeon Overview and Level Annotations

Branches:
Dungeon (6/15)             Temple (0/1) D:5

Altars:
Ashenzari
Gozag
Yredelemnul
The Shining One

Shops:
D:6 [!!

Annotations:
D:5 3 runed translucent doors, bande's ghost, novice GrFi


Innate Abilities, Weirdness & Mutations

You are too large for most types of armour.
You have claws for hands.
Your natural rate of healing is unusually fast.
You are covered in fur. (AC +1)
You have tough skin. (AC +1)


Message History

The water moccasin attacks as you move away!
The water moccasin bites you!
You are poisoned.
The water moccasin poisons you!
You feel very sick.
You feel sick. The water moccasin bites you!
You are more poisoned.
The water moccasin poisons you!
The water moccasin attacks as you move away!
The water moccasin bites you but does no damage.
A centaur and an orc come into view.
You feel very sick.
The centaur wields a +4 shortbow.
The centaur shoots an arrow.
The arrow misses you.
You feel very sick.
The orc shouts!
The centaur shoots an arrow.
The arrow hits you.
The water moccasin attacks as you move away!
The water moccasin barely misses you.
You feel sick.
The centaur shoots an arrow.
The arrow barely misses you.
The centaur shoots an arrow.
The arrow hits you! The water moccasin bites you.
You feel sick.
The centaur shoots an arrow.
The arrow closely misses you.
An iguana comes into view.
You hear the quick rusting of a distant drain.
You feel sick.
The iguana hisses angrily.
The centaur shoots an arrow.
The arrow hits you!
An adder comes into view.
The centaur shoots an arrow.
The arrow hits you!
* * * LOW HITPOINT WARNING * * *
The water moccasin barely misses you.
A kobold brigand comes into view.
It is wielding a +0 dagger and quivering curare-tipped darts.
You feel sick.
The kobold brigand shouts!
The centaur shoots an arrow.
The arrow hits you!
* * * LOW HITPOINT WARNING * * *
The water moccasin attacks as you move away!
The water moccasin bites you!
You die...
Xom titters!

.#.#...†...............# ..
# .#.#......########.#...#
##.## #
.#.#...............#..^##.#
#. #
[.......................>.#
#. #
#..#......########........#
#.### ...##.#####
#####....# #.... .#.##.#
##c..##.#.#.#..## .#.##.#
.S.#####.....#.....#....
.#....#
.#K..l..@o.#..#.######.##
.##†###
....##+##S....#.........
.##.####!..
##...##..#####.#
.......##.# ##.###........#
.###.#.##.# #.# #.########
.# .# ##.# #.# #.# .###..
#.# #.# #.# #. .......##.##
##.###.# #. .####.##...##
##...##.# # #.


You could see a water moccasin, a kobold brigand, a centaur, an iguana, an adder
(wandering) and an orc.

Vanquished Creatures
  Sigmund (D:3)
  3 water moccasins (D:5)
  A centaur (D:5)
  A phantom (D:5)
  3 scorpions (D:5)
  7 orc priests
  2 jellies
  2 hounds (D:5)
  Ijyb (D:4)
  Jessica (D:3)
  A gnoll shaman (D:5)
  3 iguanas
  2 orc wizards
  9 gnolls
  7 adders
  An ufetubus (D:6)
  2 worms
  16 orcs
  7 endoplasms
  5 giant cockroaches
  4 goblins
  5 hobgoblins
  4 jackals (D:5)
  5 quokkas
  7 ball pythons
  2 bats (D:1)
  6 frilled lizards
  8 kobolds
  7 rats
123 creatures vanquished.

Vanquished Creatures (collateral kills)
  An orc (D:5)
1 creature vanquished.

Grand Total: 124 creatures vanquished

Notes
Turn   | Place    | Note
-------+----------+-------------------------------------------
     0 | D:1      | zishaf the Troll Chaos Knight began the quest for the Orb.
     0 | D:1      | Reached XP level 1. HP: 22/22 MP: 0/0
   237 | D:1      | Reached XP level 2. HP: 29/29 MP: 1/1
   376 | D:1      | XOM: noise
   502 | D:1      | XOM: cast spell 'Call Canine Familiar'
   674 | D:1      | XOM: cloud trail
   931 | D:2      | Reached XP level 3. HP: 28/36 MP: 2/2
   987 | D:2      | XOM: silly message
   994 | D:2      | Reached skill level 4 in Unarmed Combat
  1075 | D:2      | XOM: god gift: 11 gold pieces
  1498 | D:3      | XOM: enchant monster (good)
  1656 | D:3      | Reached XP level 4. HP: 45/45 MP: 3/3
  1824 | D:3      | Reached skill level 5 in Unarmed Combat
  1826 | D:3      | Reached XP level 5. HP: 46/53 MP: 4/4
  2005 | D:3      | Found a faded altar of an unknown god.
  2012 | D:3      | Noticed Sigmund
  2015 | D:3      | Noticed Jessica
  2027 | D:3      | Killed Jessica
  2031 | D:3      | Killed Sigmund
  2032 | D:3      | Reached skill level 6 in Unarmed Combat
  2032 | D:3      | Reached XP level 6. HP: 47/62 MP: 5/5
  2057 | D:3      | XOM is BORED!
  2174 | D:4      | XOM: 1-stop teleportation journey
  2175 | D:4      | Found a basalt altar of Yredelemnul.
  2179 | D:4      | Identified the +6 dagger of Famine {vorpal, rElec Int+5}
  2195 | D:5      | Entered Level 5 of the Dungeon
  2195 | D:5      | Found a runed translucent gate.
  2195 | D:5      | Found a runed translucent gate.
  2195 | D:5      | Found a runed translucent gate.
  2195 | D:5      | Found an opulent altar of Gozag.
  2197 | D:5      | Noticed a shadow
  2198 | D:5      | Noticed bande's ghost (novice GrFi)
  2199 | D:5      | Noticed a yak
  2342 | D:5      | Reached XP level 7. HP: 66/70 MP: 6/6
  2359 | D:5      | XOM: scenery: summon butterflies
  2390 | D:5      | Reached skill level 7 in Unarmed Combat
  2503 | D:5      | XOM: summons 2 friendly demons
  2744 | D:4      | Noticed Ijyb
  2752 | D:4      | Killed Ijyb
  2829 | D:4      | Found a glowing golden altar of the Shining One.
  2983 | D:4      | Reached skill level 8 in Unarmed Combat
  3034 | D:4      | Reached skill level 5 in Fighting
  3035 | D:4      | Reached XP level 8. HP: 43/80 MP: 7/7
  3556 | D:5      | XOM: summons 2 friendly demons
  3560 | D:5      | Reached skill level 9 in Unarmed Combat
  3576 | D:5      | XOM: god gift: 45 gold pieces
  3633 | D:5      | Found a staircase to the Ecumenical Temple.
  3691 | D:5      | Found a broken altar of Ashenzari.
  3885 | D:6      | Found Xenaot Eguuf's Distillery.
  3996 | D:6      | Found Amegriptokk's Distillery.
  4065 | D:6      | XOM: polymorph iguana -> jelly
  4131 | D:6      | Found Veph's Antique Armour Emporium.
  4131 | D:6      | XOM: 3-stop teleportation journey
  4346 | D:6      | Slain by a water moccasin

Illustrated notes

Levels and vault maps discovered:
D:1:      minmay_arrival_nine_rooms, layout_loops_ring
D:2:      layout_loops_ring, feat_on_display
D:3:      layout_basic, basic_ecumenical_altar, chequers_serial_rivers_micro_a,
          minmay_misc_feat_more_columns, st_stairs_10, uniq_sigmund,
          uniq_jessica
D:4:      layout_loops_ring, tso_metal_star, nicolae_overflow_hidden_temple,
          corexii_mini_fake_secret_closet, serial_bayou_pond_b, uniq_ijyb
D:5:      minmay_razor_zed, layout_rooms, kennysheep_mini_moat,
          lemuel_temple_firewalk_b, ebering_ghost_gozag, water_maze_lemuel
D:6:      minmay_octagon_keep, layout_basic, serial_shops, kennysheep_mini,
          shop, shop_statue, portal_sewer_entry_e, minmay_shop_grid_forest,
          minmay_misc_feat_square

Skill      XL: |  1  2  3  4  5  6  7  8 |
---------------+-------------------------+-----
Unarmed Combat | 4 5 6 8 9 |  9.4
Fighting       | 3 4 5 |  5.7
Dodging        | 2 |  2.0

Action                   |  1- 3 |  4- 6 |  7- 9 || total
-------------------------+-------+-------+-------++-------
Melee: Unarmed           |   108 |    68 |   142 ||   318
       Punch             |     3 |     1 |     8 ||    12
  Use: Scroll            |       |       |    11 ||    11
 Stab: Sleeping          |     1 |       |       ||     1
Armor: Robe              |    47 |    17 |    52 ||   116
Dodge: Dodged            |    47 |    41 |    71 ||   159

Table legend: (Time is in decaauts)
 A = Elapsed time spent in this place.
 B = Non-inter-level travel time spent in this place.
 C = Inter-level travel time spent in this place.
 D = Time resting spent in this place.
 E = Time spent auto-exploring this place.
 F = Levels seen in this place.
 G = Mean time per level.
                   A        B        C        D        E       F      G
               +--------+--------+--------+--------+--------+-----+--------+
         Total |   4311 |   3948 |    363 |      2 |   2891 |   6 |  718.5 |
       Dungeon |   4311 |   3948 |    363 |      2 |   2891 |   6 |  718.5 |
               +--------+--------+--------+--------+--------+-----+--------+

Top non-repeatable levels by time:
     D:5: 898 daAuts
     D:4: 793 daAuts
     D:1: 774 daAuts
     D:2: 740 daAuts
     D:3: 646 daAuts
     D:6: 458 daAuts
